 Dungeon Crawl Stone Soup version 0.20.1-1-g8b1a95d (webtiles) character file.

158 equalderp2856 the Skirmisher (level 5, -1/41 HPs)
             Began as a Mummy Fighter on Oct 23, 2017.
             Slain by a gnoll (5 damage)
             ... on level 2 of the Dungeon.
             The game lasted 00:02:34 (2129 turns).

equalderp2856 the Skirmisher (Mummy Fighter)        Turns: 2129, Time: 00:02:34

Health: -1/41      AC:  8    Str: 20    XL:     5   Next: 16%
Magic:  5/5        EV:  7    Int:  8    God:
Gold:   99         SH:  9    Dex: 11    Spells: 4/4 levels left

rFire    x . .     SeeInvis .   a - +0 war axe
rCold    + . .     Gourm    .   c - +0 shield
rNeg     + + +     Faith    .   b - +0 scale mail
rPois    ∞         Spirit   .   (no helmet)
rElec    .         Reflect  .   (no cloak)
rCorr    .         Harm     .   f - +0 pair of gloves
MR       .....                  (no boots)
Stlth    ..........             (no amulet)
Regen    0.2/turn               (no ring)
MPRegen  0.1/turn               (no ring)

@: no status effects
A: no food or potions, fire vulnerability, cold resistance 1, negative energy
resistance 3, torment resistance, unbreathing
a: no special abilities


You were on level 2 of the Dungeon.
You were not hungry.

You visited 1 branch of the dungeon, and saw 3 of its levels.

You collected 99 gold pieces.

Inventory:

Hand Weapons
 a - a +0 war axe (weapon)
 l - a +0 trident
Armour
 b - a +0 scale mail (worn)
 c - a +0 shield (worn)
 f - a +0 pair of gloves (worn)
Jewellery
 h - a cursed amulet of inaccuracy {unknown}
Wands
 g - a wand of acid (4/15)
Scrolls
 d - 2 scrolls of identify {unknown}
 e - 2 scrolls of fog {unknown}
 i - 2 scrolls of teleportation {unknown}
 j - a scroll of enchant weapon {unknown}
 k - a scroll of recharging {unknown}
 m - a scroll of enchant armour {unknown}


   Skills:
 + Level 3.5 Fighting
 + Level 2.9 Axes
 + Level 3.2 Armour
 + Level 0.4 Dodging
 + Level 0.1 Stealth
 + Level 3.0 Shields


You had 4 spell levels left.
You didn't know any spells.

Dungeon Overview and Level Annotations

Branches:
Dungeon (3/15)

Altars:
Ashenzari
Okawaru
Uskayaw
Vehumet

Annotations:
D:2 Natasha


Innate Abilities, Weirdness & Mutations

You do not eat or drink.
Your flesh is vulnerable to fire.
You are immune to poison.
Your flesh is cold resistant. (rC+)
You are immune to negative energy. (rN+++)
You are immune to unholy pain and torment.
You can survive without breathing.


Message History

You block the bat's attack. You block the bat's attack.
The crimson imp blinks!
There is a stone staircase leading up here.
The bat barely misses you. Natasha claws you but does no damage.
The crimson imp summons a swarm of flies.
The gnoll hits you!
* * * LOW HITPOINT WARNING * * *
You climb upwards.
The crimson imp disappears in a puff of smoke! x2
There is a stone staircase leading down here.
Natasha closely misses you.
You see here a gnoll corpse.
Natasha casts a spell at you. The magic dart hits you!
* * * LOW HITPOINT WARNING * * *
Natasha howls an incantation.
Natasha's front paws start to glow.
Natasha mumbles some strange words.
The gnoll hits you.
You die...

### ### #.#
#.########.##
#...........###
##.......#......
###........#......
#######..........#......
#.......#..#.###.#......
###.#..@...#.#..........
#.#.##g..#.#.#.#......
#.#.....h#.#.#.#......
#.###...>.............
#.###....#.#.#.#......
#.#......#.#.#.#......
#.#.#.#..#.#.#........
#...#....#.#)###......
#####.#....#.##.......


You could see Natasha and a gnoll.

Vanquished Creatures
  Natasha (twice) (D:3)
  2 gnolls (D:2)
  2 adders (D:2)
  2 oozes (D:2)
  3 worms (D:3)
  A dart slug (D:3)
  4 leopard geckos
  4 orcs (D:3)
  A giant cockroach (D:1)
  2 goblins
  3 hobgoblins
  2 jackals (D:1)
  A quokka (D:2)
  2 ball pythons
  6 bats
  4 frilled lizards
  6 kobolds
  5 rats
52 creatures vanquished.

Notes
Turn   | Place    | Note
-------+----------+-------------------------------------------
     0 | D:1      | equalderp2856 the Mummy Fighter began the quest for the Orb.
     0 | D:1      | Reached XP level 1. HP: 18/18 MP: 1/1
   254 | D:1      | Reached XP level 2. HP: 19/24 MP: 2/2
   632 | D:2      | Noticed a dagger
   635 | D:2      | Noticed a hand axe
   640 | D:2      | Found a hide-covered altar of Uskayaw.
   917 | D:2      | Reached XP level 3. HP: 22/29 MP: 3/3
  1055 | D:2      | Found a radiant altar of Vehumet.
  1128 | D:2      | Found an iron altar of Okawaru.
  1425 | D:3      | Found a shattered altar of Ashenzari.
  1434 | D:3      | Noticed Natasha
  1445 | D:3      | Killed Natasha
  1445 | D:3      | Reached XP level 4. HP: 8/35 MP: 4/4
  1453 | D:3      | Noticed Natasha
  1776 | D:3      | Killed Natasha
  1965 | D:3      | Noticed Natasha
  1977 | D:2      | Reached XP level 5. HP: 25/41 MP: 5/5
  2129 | D:2      | Slain by a gnoll

Skill      XL: |  1  2  3  4 |
---------------+-------------+-----
Axes           | 2 |  2.9
Armour         | 3 |  3.2
Shields        | 3 |  3.0
Fighting       | |  3.5
Dodging        | |  0.4
Stealth        | |  0.1

Action                   |  1- 3 |  4- 6 || total
-------------------------+-------+-------++-------
Melee: War axe           |   124 |    86 ||   210
Armor: Scale mail        |    65 |    56 ||   121
Dodge: Dodged            |    45 |    42 ||    87
Block: Shield            |    74 |    67 ||   141
